 Dungeon Crawl Stone Soup version 0.28.0-53-g5a82cb258f (webtiles) character file.

Game seed: 346220932951007408

110 LynnLen the Caller (level 4, -4/18 HPs)
             Began as a Felid Summoner on Aug 4, 2022.
             Slain by a water moccasin (8 damage)
             ... on level 4 of the Dungeon.
             The game lasted 00:18:10 (3561 turns).

LynnLen the Caller (Felid Summoner)                 Turns: 3561, Time: 00:18:10

Health: -4/18      AC:  1    Str:  4    XL:     4   Next: 61%
Magic:  11/11      EV: 17    Int: 19    God:
Gold:   95         SH:  0    Dex: 16    Spells: 1/11 levels left
                                        Lives:  0   Deaths: 1

rFire   . . .      SeeInvis +   (weapon unavailable)
rCold   . . .      Faith    .   (shield unavailable)
rNeg    . . .      Spirit   .   (armour unavailable)
rPois   .          Reflect  .   (helmet unavailable)
rElec   .          Harm     .   (cloak unavailable)
rCorr   .          Rampage  .   (gloves unavailable)
Will    .....                   (boots unavailable)
Stlth   ++........              (no amulet)
HPRegen 0.06/turn               (no ring)
MPRegen 0.12/turn               (no ring)

@: quick
A: very small, claws 1, fangs 3, see invisible, speed 1, shaggy fur 1, stealthy
paws, no weapons or thrown items, no armour, multi-lived
a: no special abilities


You were on level 4 of the Dungeon.
You visited 1 branch of the dungeon, and saw 4 of its levels.

You collected 95 gold pieces.

Inventory:

Wands
 b - a wand of iceblast (15)
Scrolls
 a - a scroll of teleportation {unknown}
 d - 2 scrolls of torment {unknown}
 e - a scroll of fear {unknown}
Potions
 c - a potion of flight {unknown}


   Skills:
 - Level 2.6 Dodging
 - Level 2.6 Stealth
 + Level 4.0 Spellcasting
 + Level 5.6 Summonings


You had one spell level left.
You knew the following spells:

 Your Spells              Type           Power      Damage    Failure   Level
a - Summon Small Mammal   Summ           100%       N/A       1%          1
b - Call Imp              Summ           25%        N/A       1%          2
c - Swiftness             Air            3%         N/A       38%         3
d - Summon Lightning Spi  Summ/Air       14%        N/A       41%         4

Your spell library contained the following spells:

 Spells                   Type           Power      Damage    Failure   Level
 Foxfire                  Conj/Fire      12%        2x1d4     14%         1
 Freeze                   Ice            12%        1d4       14%         1
 Shock                    Conj/Air       12%        1d3       14%         1
 Call Canine Familiar     Summ           25%        N/A       4%          3
 Summon Guardian Golem    Hex/Summ       14%        N/A       13%         3
 Conjure Flame            Conj/Fire      3%         6-21      38%         3
 Frozen Ramparts          Ice            6%         1d2       38%         3
 Ignite Poison            Fire/Tmut/Pois 3%         N/A       38%         3
 Inner Flame              Hex/Fire       3%         N/A       38%         3
 Airstrike                Air            1%         N/A       80%         4
 Flame Wave               Conj/Fire      3%         2d4       80%         4
 Hailstorm                Conj/Ice       3%         3d3       80%         4
 Sticky Flame             Conj/Fire      3%         2d3       80%         4


Dungeon Overview and Level Annotations

Branches:
Dungeon (4/15)
 Temple: D:4-7

Altars:

Annotations:
D:2 Jessica, Terence


Innate Abilities, Weirdness & Mutations

You have sharp claws.
You have razor-sharp teeth.
You have supernaturally acute eyesight. (SInv)
You cover ground quickly. (Speed+)
You are covered in fur. (AC +1)
Your paws help you pounce on unaware monsters.
You are incapable of wielding weapons or throwing items.
You cannot wear armour.
You gain extra lives every three experience levels.


Message History

What are your orders? t - Meow!
Orders for allies: a - Attack new target. r - Retreat! s - Stop attacking. g - Guard the area. f - Follow me.
Anything else - Cancel.
Gang up on whom?
Press: ? - help, Dir - move target, f - iguana
Aim: an iguana Attack!
The iguana closely misses your quokka.
Your quokka bites the iguana but does no damage.
Your quokka bites the iguana but does no damage.
The iguana closely misses your quokka.
Your quokka bites the iguana.
Your quokka barely misses the iguana.
Your quokka closely misses the iguana.
The iguana barely misses your quokka.
Your quokka bites the iguana but does no damage.
Your quokka barely misses the iguana.
The iguana closely misses your quokka.
Your quokka misses the iguana.
Your quokka bites the iguana but does no damage.
Your quokka barely misses the iguana.
The water moccasin bites your quokka.
Your quokka is poisoned.
The water moccasin poisons your quokka! The iguana barely misses your quokka.
Your quokka bites the iguana but does no damage.
The water moccasin bites your quokka but does no damage.
Your quokka closely misses the water moccasin.
The iguana bites your quokka!
Your quokka dies!
Your quokka's corpse disappears in a puff of smoke!
Your quokka closely misses the water moccasin.
Your quokka dies!
Your quokka's corpse disappears in a puff of smoke!
The water moccasin misses you. The iguana bites you!
Ouch! That really hurt!
* * * LOW HITPOINT WARNING * * *
The water moccasin closely misses you. The water moccasin misses you.
The water moccasin bites you!
You die...

#.......# ##..#..#
##....###
##....rS.###
###.....##.r.###
##...r..#####...###
###....S.## ###...#
#......### #.##..#
......## #@.###..#
.....## #S..# ...
...### #l..## #.
..## #....# .##
#....# ). ## #....#
#.. # #....# ##...
# ##..###..... #
###..........


You could see a water moccasin and an iguana.

Vanquished Creatures
  2 adders
  3 dart slugs
  An endoplasm (D:3)
  2 giant cockroaches
  A hobgoblin (D:2)
9 creatures vanquished.

Vanquished Creatures (collateral kills)
  A sky beast (D:3)
  3 adders
  A worm (D:4)
  A ball python (D:1)
  6 endoplasms
  4 goblins
  5 hobgoblins (D:1)
  3 jackals (D:1)
  2 quokkas (D:1)
  3 bats
  2 frilled lizards (D:1)
  5 kobolds
  4 rats
40 creatures vanquished.

Grand Total: 49 creatures vanquished

Notes
Turn   | Place    | Note
-------+----------+-------------------------------------------
     0 | D:1      | LynnLen the Felid Summoner began the quest for the Orb.
     0 | D:1      | Reached XP level 1. HP: 7/7 MP: 4/4
   310 | D:1      | Reached XP level 2. HP: 11/11 MP: 3/6
   313 | D:1      | Learned a level 2 spell: Call Imp
  1538 | D:1      | Reached XP level 3. HP: 13/14 MP: 6/8
  1561 | D:1      | Learned a level 3 spell: Swiftness
  2104 | D:2      | Noticed Jessica
  2112 | D:2      | Noticed Terence
  2574 | D:3      | Noticed a sky beast
  2911 | D:3      | Killed a sky beast
  2912 | D:3      | Reached skill level 5 in Summonings
  2912 | D:3      | Reached XP level 4. HP: 18/18 MP: 5/10
  2912 | D:3      | Reached XP level 5. HP: 21/21 MP: 5/11
  3383 | D:4      | Noticed a water moccasin
  3418 | D:4      | Slain by an iguana
  3419 | D:4      | Reached XP level 4. HP: -2/18 MP: 10/10
  3424 | D:4      | Learned a level 4 spell: Summon Lightning Spire
  3561 | D:4      | Slain by a water moccasin

Illustrated notes

Levels and vault maps discovered:
D:1:      eino_arrival_tree_alley, layout_loops_ring, minmay_misc_feat_cross
D:2:      layout_loops_ring, basic_altar, kennysheep_pointless_box,
          kennysheep_cluttered_room, chequers_avenue, uniq_robin, uniq_terence,
          uniq_jessica
D:3:      layout_rooms
D:4:      layout_cave_pods, minmay_overflow_temple_star_quad,
          minmay_temple_entry_gardened_gates

Skill      XL: |  1  2  3  4 |
---------------+-------------+-----
Spellcasting   | 3 4 |  4.0
Summonings     | 5 |  5.6
Dodging        | |  2.6
Stealth        | |  2.6

Action                   |  1- 3 |  4- 6 || total
-------------------------+-------+-------++-------
Melee: Unarmed           |    26 |    25 ||    51
       Punch             |     1 |       ||     1
       Bite              |     2 |     4 ||     6
 Cast: Summon Small Mamm |    59 |     9 ||    68
       Call Imp          |    18 |     6 ||    24
  Use: Scroll            |     1 |     1 ||     2
 Stab: Sleeping          |     1 |     1 ||     2
       Distracted        |       |     1 ||     1
Armor: Skin              |     8 |     1 ||     9
Dodge: Dodged            |    53 |    43 ||    96
